 Dungeon Crawl Stone Soup version 0.31-a0-1-g4198be8af4 (webtiles) character file.

Game seed: 12969910899774060376

13118 bmack86 the Cleaver (level 11, -3/99 HPs)
             Began as a Minotaur Fighter on May 2, 2023.
             Was a High Priest of Okawaru.
             Killed by vampiric draining
             ... invoked by a vampire
              (13 damage)
             ... on level 10 of the Dungeon.
             The game lasted 00:29:44 (9450 turns).

bmack86 the Cleaver (Minotaur Fighter)              Turns: 9450, Time: 00:29:44

Health: -3/99      AC: 26    Str: 32    XL:     11   Next: 71%
Magic:  11/13      EV:  9    Int:  5    God:    Okawaru [*****.]
Gold:   541        SH: 12    Dex:  9    Spells: 10/10 levels left

rFire   . . .        G - +0 broad axe (freeze)
rCold   . . .        B - +0 kite shield
rNeg    . . .        f - +1 plate armour
rPois   .            (helmet restricted)
rElec   .            K - +2 cloak
rCorr   .            M - +0 pair of gloves
SInv    .            q - +2 pair of boots
Will    .....        (no amulet) Stlth
                     A - +6 ring of strength
HPRegen 0.36/turn    N - ring of flight
MPRegen 0.13/turn

%: no passive effects
@: heroic, flying
A: horns 2, retaliatory headbutt
a: Renounce Religion, Heroism, Finesse, Duel


You were on level 10 of the Dungeon.
You worshipped Okawaru.
Okawaru was extremely pleased with you.
You visited 2 branches of the dungeon, and saw 11 of its levels.
You also visited: Bailey.

You collected 541 gold pieces.

Inventory:

Hand Weapons
 a - a +0 war axe of electrocution
 l - the +3 war axe "Rimimp" {holy, Str-3 Int+6 Dex+3 Stlth+}
   (You found it on level 4 of the Dungeon)

   Str:       It affects your strength (-3).
   Int:       It affects your intelligence (+6).
   Dex:       It affects your dexterity (+3).
   Stlth:     It makes you more stealthy.
 o - a +1 spectral war axe
 G - a +0 broad axe of freezing (weapon)
 J - a +0 broad axe
Missiles
 c - 9 boomerangs
 d - 7 curare-tipped darts
 j - 2 silver javelins (quivered)
 t - 34 poisoned darts
 x - 14 boomerangs of dispersal
 O - a throwing net
Armour
 f - a +1 plate armour (worn)
 k - a scarf of resistance
 q - a +2 pair of boots (worn)
 s - a scarf of repulsion
 B - a +0 kite shield (worn)
 K - a +2 cloak (worn)
 M - a +0 pair of gloves (worn)
 Q - a +4 scale mail of poison resistance
Jewellery
 A - a +6 ring of strength (left hand)
 N - a ring of flight (right hand)
 R - a ring of positive energy
 S - a ring of magical power
Wands
 b - a wand of paralysis (5)
 w - a wand of flame (30)
 C - a wand of digging (5)
 D - a wand of roots (7)
 H - a wand of light (14)
Scrolls
 g - 2 scrolls of fear
 h - a scroll of poison
 i - 2 scrolls of teleportation
 y - 3 scrolls of blinking
 E - a scroll of amnesia
 I - 2 scrolls of magic mapping
Potions
 e - 3 potions of haste
 m - a potion of berserk rage
 n - 2 potions of brilliance
 p - 2 potions of flight
 r - 4 potions of invisibility
 v - 2 potions of attraction
 z - 2 potions of ambrosia
 F - 5 potions of curing


   Skills:
 + Level 9.7(14.7) Fighting
 * Level 12.8(17.8) Axes
 + Level 7.0(12.0) Throwing
 + Level 9.9(14.9) Armour
 + Level 9.8(14.8) Shields
 + Level 5.1 Invocations


You had 10 spell levels left.
You didn't know any spells.
Your spell library contained the following spells:

 Spells                   Type           Power      Damage    Failure   Level
 Apportation              Tloc           0%         N/A       98%         1
 Necrotise                Necr           0%         1d4       98%         1
 Slow                     Hex            0%         N/A       98%         1
 Blink                    Tloc           0%         N/A       99%         2
 Poisonous Vapours        Pois/Air       0%         N/A       99%         2
 Confusing Touch          Hex            0%         N/A       100%        3
 Mephitic Cloud           Conj/Pois/Air  0%         N/A       100%        3
 Ozocubu's Armour         Ice            0%         N/A       100%        3
 Vampiric Draining        Necr           0%         2d6       100%        3
 Manifold Assault         Tloc           0%         N/A       100%        4
 Passage of Golubria      Tloc           0%         N/A       100%        4
 Freezing Cloud           Conj/Ice/Air   0%         6-21      100%        5
 Yara's Violent Unravell  Hex/Tmut       0%         3d3       100%        5
 Dispersal                Tloc           0%         N/A       100%        6
 Ozocubu's Refrigeration  Ice            0%         4d7       100%        7
 Storm Form               Tmut/Air       0%         N/A       100%        7
 Disjunction              Tloc           0%         N/A       100%        8
 Summon Small Mammal      Summ           Unusable   N/A       N/A         1
 Tukima's Dance           Hex            Unusable   N/A       N/A         3

Dungeon Overview and Level Annotations

Branches:
Dungeon (10/15)            Temple (1/1) D:7            Lair (0/5) D:9
 Bailey (visited)
    Orc: D:9-12

Altars:
Ashenzari
Cheibriados
Dithmenos
Elyvilon
Fedhas
Gozag
Hepliaklqana
Kikubaaqudgha
Makhleb
Nemelex Xobeh
Okawaru
Qazlal
Ru
Sif Muna
Trog
Uskayaw
Vehumet
Wu Jian
Xom
Yredelemnul
Zin
The Shining One

Annotations:
D:9 2 runed translucent doors


Innate Abilities, Weirdness & Mutations

You have a pair of horns on your head.
You reflexively headbutt those who attack you in melee.


Message History

You bump into the rock wall.
Something hits you but does no damage. Something bites you.
Something draws strength from your injuries!
You completely miss something. Your headbutt misses something.
Something hits you but does no damage. Something bites you but does no damage.
You bump into the rock wall.
You feel less confused. Something hits you but does no damage.
Something bites you but does no damage.
You hit something but do no damage. You block something's attack.
Something bites you.
Something draws strength from your injuries!
You hit something. Something hits you. Something completely misses you.
You barely miss something. Something hits you but does no damage.
Something bites you but does no damage.
You hit something but do no damage. Something hits you but does no damage.
Something bites you but does no damage.
You closely miss something. Your headbutt misses something. Something hits you.
* * * LOW HITPOINT WARNING * * *
Something bites you but does no damage.
You barely miss something. Something hits you!
* * * LOW HITPOINT WARNING * * *
Something bites you but does no damage.
You slash something! You headbutt something. Something hits you.
* * * LOW HITPOINT WARNING * * *
You block something's attack.
You hit something. You freeze something. Something draws life force from you!
* * * LOW HITPOINT WARNING * * *
Unknown command.
You feel much better. Something hits you but does no damage.
Something bites you but does no damage.
You gain the combat prowess of a mighty hero.
Something hits you but does no damage. Something bites you.
* * * LOW HITPOINT WARNING * * *
Something draws strength from your injuries!
You barely miss something. You headbutt something.
Something draws life force from you!
* * * LOW HITPOINT WARNING * * *
You slash something! You freeze something. Your headbutt misses something.
You miss something. Something draws life force from you!
You die...

....... ..... ..... ....
.). .... .). #..# #.#
#..# #{# #..# #@# #..#
#.# #..# #.#
#..#############.#######
........................
#####...................
#.################## #.#
#.#


There were no monsters in sight!

Vanquished Creatures
  A hydra (D:9)
  2 vault guards (Bailey)
  A centaur warrior (D:9)
  A two-headed ogre (D:9)
  A boulder beetle (D:9)
  Pikel (D:8)
  A deep elf pyromancer (D:9)
  Maurice (D:8)
  A cane toad (Bailey)
  2 komodo dragons
  A freezing wraith (D:9)
  A hornet (D:7)
  A troll (D:7)
  Prince Ribbit (D:6)
  A slime creature (D:9)
  6 humans (Bailey)
  A shadow (D:10)
  A wyvern (D:9)
  3 vampire mosquitoes
  A steam dragon (D:10)
  Menkaure (D:7)
  Edmund (D:6)
  Duvessa (D:6)
  2 ice beasts (D:7)
  2 orc warriors
  3 sky beasts
  3 ogres
  2 centaurs
  4 lemures (D:8)
  A phantom (D:4)
  5 kobold brigands
  A scorpion (D:5)
  3 gnoll sergeants
  13 bullfrogs
  8 wights
  Dowan (D:6)
  The ghost of patfeehan111222 the Trooper, a weakling DsBe of Trog (D:3)
  5 killer bees (D:9)
  3 howler monkeys
  6 hounds
  5 jellies
  A gnoll bouda (D:4)
  3 orc priests
  Natasha (thrice) (D:2)
  10 iguanas
  A sleepcap (D:6)
  9 orc wizards
  9 adders
  13 gnolls
  A shadow imp (D:4)
  A white imp (D:6)
  An ufetubus (D:5)
  A worm (D:4)
  4 dart slugs
  30 orcs
  2 endoplasms
  3 giant cockroaches
  11 goblins
  11 hobgoblins
  4 jackals
  26 kobolds
  3 quokkas
  9 ball pythons
  5 bats
  4 frilled lizards
  7 rats
272 creatures vanquished.

Vanquished Creatures (others)
  3 fungi (D:3)
  35 plants
  A spectral weapon (D:7)
39 creatures vanquished.

Grand Total: 311 creatures vanquished

Notes
Turn   | Place    | Note
-------+----------+-------------------------------------------
     0 | D:1      | bmack86 the Minotaur Fighter began the quest for the Orb.
     0 | D:1      | Reached XP level 1. HP: 19/19 MP: 0/0
   123 | D:1      | Reached XP level 2. HP: 26/27 MP: 1/1
   193 | D:1      | Reached skill level 3 in Axes
   560 | D:1      | Reached XP level 3. HP: 32/33 MP: 2/2
   871 | D:2      | Noticed Natasha
   877 | D:2      | Killed Natasha
   888 | D:2      | Noticed Natasha
   893 | D:2      | Killed Natasha
   894 | D:2      | Reached XP level 4. HP: 23/40 MP: 3/3
   895 | D:2      | Reached skill level 4 in Axes
   984 | D:2      | Noticed Natasha
   987 | D:2      | Killed Natasha
  1106 | D:2      | Reached XP level 5. HP: 43/47 MP: 4/4
  1479 | D:3      | Found a runed translucent gate.
  1479 | D:3      | Found a runed translucent gate.
  1480 | D:3      | Noticed patfeehan111222's ghost (weakling DsBe)
  1493 | D:3      | Found a runed translucent gate.
  1540 | D:3      | You fall into a shaft and drop 3 floors!
  1550 | D:6      | Reached skill level 1 in Throwing
  1568 | D:6      | Noticed an orc warrior
  1587 | D:6      | Reached skill level 5 in Axes
  1587 | D:6      | Reached XP level 6. HP: 37/53 MP: 5/5
  1589 | D:6      | Killed an orc warrior
  1590 | D:6      | Reached skill level 5 in Fighting
  1592 | D:6      | Reached skill level 5 in Armour
  1601 | D:6      | Reached skill level 5 in Shields
  1772 | D:6      | Noticed Dowan
  1775 | D:6      | Noticed Duvessa
  1785 | D:6      | Killed Dowan
  1789 | D:6      | Reached XP level 7. HP: 58/61 MP: 6/6
  1797 | D:6      | Killed Duvessa
  1798 | D:6      | Reached skill level 6 in Axes
  1983 | D:5      | Entered Level 5 of the Dungeon
  2097 | D:4      | Identified the +1 leather armour of Past Mistakes {Int+2
                  | Dex+5}
  2835 | D:3      | Reached XP level 8. HP: 34/70 MP: 7/7
  2850 | D:3      | Killed patfeehan111222's ghost
  2851 | D:3      | Reached skill level 7 in Axes
  3338 | D:4      | Identified the +3 war axe "Rimimp" {holy, Str-3 Int+6 Dex+3
                  | Stlth+}
  4119 | D:5      | Identified the +0 chain mail of the Merchant {rN+}
  4235 | D:5      | Reached skill level 8 in Axes
  4925 | D:6      | Noticed Prince Ribbit
  4948 | D:6      | Killed Prince Ribbit
  5097 | D:6      | Noticed Edmund
  5112 | D:6      | Killed Edmund
  5113 | D:6      | Reached XP level 9. HP: 70/73 MP: 8/8
  5431 | D:7      | Paralysed by a hornet for 1 turns
  5435 | D:7      | Reached skill level 9 in Axes
  5541 | D:7      | Found a staircase to the Ecumenical Temple.
  5557 | Temple   | Entered the Ecumenical Temple
  5578 | Temple   | Became a worshipper of Warmaster Okawaru
  5759 | D:7      | Found a glowing golden altar of the Shining One.
  5759 | D:7      | Found a stormy altar of Qazlal.
  5773 | D:7      | Noticed Menkaure
  5777 | D:7      | Killed Menkaure
  5778 | D:7      | Reached skill level 1 in Invocations
  6156 | D:7      | Reached * piety under Okawaru
  6220 | D:7      | Noticed a troll
  6225 | D:7      | Killed a troll
  6226 | D:7      | Reached skill level 10 in Axes
  6226 | D:7      | Reached skill level 5 in Throwing
  6244 | D:7      | Noticed a komodo dragon
  6255 | D:7      | Killed a komodo dragon
  6707 | D:8      | Noticed Pikel
  6714 | D:8      | Reached XP level 10. HP: 85/88 MP: 10/10
  6720 | D:8      | Killed Pikel
  6747 | D:8      | Found a flagged portal.
  6781 | Bailey   | Entered a bailey
  6789 | Bailey   | Reached ** piety under Okawaru
  6840 | Bailey   | Reached skill level 11 in Axes
  6985 | Bailey   | Noticed a cane toad
  6985 | Bailey   | Noticed a vault guard
  6990 | Bailey   | Killed a cane toad
  6996 | Bailey   | Killed a vault guard
  6996 | Bailey   | Reached *** piety under Okawaru
  7079 | Bailey   | Noticed a vault guard
  7094 | Bailey   | Killed a vault guard
  7094 | Bailey   | Reached **** piety under Okawaru
  7231 | D:8      | Noticed Maurice
  7269 | D:8      | Killed Maurice
  7269 | D:8      | Received a gift from Okawaru
  7270 | D:8      | Reached XP level 11. HP: 72/84 MP: 13/13
  7321 | D:8      | Found a white marble altar of Elyvilon.
  7718 | D:9      | Noticed a two-headed ogre
  7724 | D:9      | Killed a two-headed ogre
  8019 | D:9      | Found a runed translucent door.
  8029 | D:9      | Found a runed translucent door.
  8163 | D:9      | Received a gift from Okawaru
  8164 | D:9      | Reached skill level 12 in Axes
  8227 | D:9      | Found a staircase to the Lair.
  8321 | D:9      | Noticed a centaur warrior
  8321 | D:9      | Noticed a deep elf pyromancer
  8324 | D:9      | Noticed a five-headed hydra
  8325 | D:9      | Noticed a centaur warrior
  8326 | D:9      | Noticed a boulder beetle
  8330 | D:9      | Killed a centaur warrior
  8337 | D:9      | Killed a nine-headed hydra
  8654 | D:9      | Killed a boulder beetle
  8818 | D:9      | Killed a deep elf pyromancer
  8917 | D:9      | Reached skill level 5 in Invocations
  9087 | D:10     | Entered Level 10 of the Dungeon
  9123 | D:10     | Reached ***** piety under Okawaru
  9276 | D:10     | Received a gift from Okawaru
  9445 | D:10     | HP: 1/99 [something (16)]
  9450 | D:10     | Killed from afar by a vampire

Illustrated notes

Levels and vault maps discovered:
D:1:      minmay_arrival_wavy_path, layout_loops_ring, dreamdust_princess_bridge
D:2:      cheibrodos_old_hovel, layout_rooms, uniq_natasha
D:3:      layout_loops_cross, gammafunk_ghost_nasty_kobolds
D:4:      minmay_bubble_buster, layout_rooms, serial_forest,
          infiniplex_forest_straight_4, infiniplex_forest_zigzag_1,
          infiniplex_forest_lined_room_2, infiniplex_forest_lined_room_,
          serial_bayou_pond_a
D:5:      layout_rooms, chequers_serial_rivers_large_a, roderic_lattice_a
D:6:      layout_rooms, nrook_mini_backslash, minmay_unpleasant_kobolds,
          uniq_edmund, uniq_duvessa, uniq_prince_ribbit1
D:7:      kennysheep_big_flooded_room, layout_loops_ring, jmf_multi_god_temple,
          minmay_temple_entry_overgrown, grunt_tough_drop, uniq_menkaure
D:8:      layout_cave_pools, nicolae_elyvilon_peaceful_grove, enter_bailey_2,
          uniq_pikel, uniq_maurice
D:9:      minmay_the_grid_triangle_9x9_recursive_2_mashed
          [minmay_the_grid_triangle_9x9_prize_top_heavy,
          minmay_the_grid_triangle_9x9_tough_junction,
          minmay_the_grid_triangle_9x9_wacky_v,
          minmay_the_grid_triangle_9x9_zippers_vertical], layout_gridville,
          david_lair_shrubbed, minmay_variable_closet
D:10:     layout_long_grid, minivault_14, uniq_josephine
Temple:   compressed_dpeg_triangle_lava_temple

Skill      XL: |  1  2  3  4  5  6  7  8  9 10 11 |
---------------+----------------------------------+-----
Axes           | 3 4 5 6 8 10 11 12 | 12.8
Shields        | 4 5 6 7 9 |  9.8
Fighting       | 4 5 6 7 8 9 |  9.7
Armour         | 4 5 6 8 9 |  9.9
Throwing       | 1 2 3 4 5 6 7 |  7.0
Invocations    | 2 4 5 |  5.1

Action                     |  1- 3 |  4- 6 |  7- 9 | 10-12 || total
---------------------------+-------+-------+-------+-------++-------
  Melee: War axe           |    75 |    72 |   316 |    82 ||   545
         Headbutt          |    11 |     8 |    40 |    37 ||    96
         Broad axe         |       |       |       |   160 ||   160
  Throw: Javelin           |       |     3 |     5 |    12 ||    20
 Invoke: Heroism           |       |       |       |     7 ||     7
         Finesse           |       |       |       |     1 ||     1
    Use: Scroll            |     1 |     3 |    18 |     9 ||    31
         Potion            |       |     2 |       |     2 ||     4
   Stab: Distracted        |       |       |     2 |       ||     2
 Armour: Scale mail        |    52 |    38 |       |       ||    90
         Plate armour      |       |     4 |   171 |   146 ||   321
  Dodge: Dodged            |    34 |    34 |    78 |    67 ||   213
         Repelled          |       |       |     2 |       ||     2
  Block: Buckler           |    20 |    19 |    64 |       ||   103
         Kite shield       |       |       |    23 |   129 ||   152

Table legend: (Time is in decaauts)
 A = Elapsed time spent in this place.
 B = Non-inter-level travel time spent in this place.
 C = Inter-level travel time spent in this place.
 D = Time resting spent in this place.
 E = Time spent auto-exploring this place.
 F = Levels seen in this place.
 G = Mean time per level.
                   A        B        C        D        E       F      G
               +--------+--------+--------+--------+--------+-----+--------+
         Total |   9568 |   9273 |    295 |    919 |   5396 |  12 |  797.3 |
       Dungeon |   9046 |   8751 |    295 |    919 |   5225 |  10 |  904.6 |
        Temple |    117 |    117 |      0 |      0 |      0 |   1 |  117.0 |
        Bailey |    403 |    403 |      0 |      0 |    171 |   1 |  403.0 |
               +--------+--------+--------+--------+--------+-----+--------+

Top non-repeatable levels by time:
     D:9: 1364 daAuts
     D:7: 1134 daAuts
     D:4: 1070 daAuts
     D:6: 1041 daAuts
     D:5: 1016 daAuts
     D:3: 991 daAuts
     D:1: 855 daAuts
     D:8: 646 daAuts
     D:2: 560 daAuts
  Bailey: 403 daAuts
    D:10: 364 daAuts
  Temple: 117 daAuts
